 Dungeon Crawl Stone Soup version 0.20.1-1-g8b1a95d (webtiles) character file.

856 Ymberti the Magician (level 7, -5/38 HPs)
             Began as a Deep Elf Fire Elementalist on Oct 15, 2017.
             Shot with an arrow by a centaur (9 damage)
             ... on level 5 of the Dungeon.
             The game lasted 00:13:59 (4809 turns).

Ymberti the Magician (Deep Elf Fire Elementalist)   Turns: 4809, Time: 00:14:00

Health: -5/38      AC:  2    Str:  5    XL:     7   Next: 70%
Magic:  5/18       EV: 14    Int: 22    God:
Gold:   263        SH:  0    Dex: 15    Spells: 8/19 levels left

rFire    . . .     SeeInvis .   y - +2 dagger (drain)
rCold    . . .     Gourm    .   (no shield)
rNeg     . . .     Faith    .   a - +0 robe
rPois    .         Spirit   .   (no helmet)
rElec    .         Reflect  .   (no cloak)
rCorr    .         Harm     .   (no gloves)
MR       +....                  (no boots)
Stlth    +++.......             (no amulet)
Regen    0.2/turn               e - ring of protection from magic
MPRegen  0.2/turn               h - ring of wizardry

@: very slightly contaminated
A: no striking features
a: no special abilities


You were on level 5 of the Dungeon.
You were not hungry.

You visited 1 branch of the dungeon, and saw 5 of its levels.

You collected 263 gold pieces.

Inventory:

Hand Weapons
 y - a +2 dagger of draining (weapon)
Armour
 a - a +0 robe (worn)
 i - a +0 helmet
Jewellery
 e - a ring of protection from magic (left hand)
 f - an uncursed ring of resist corrosion
 h - a ring of wizardry (right hand)
 o - a +3 ring of strength
 p - an uncursed ring of protection from cold
Scrolls
 d - 2 scrolls of amnesia {unknown}
 n - a scroll of magic mapping
 r - a scroll of fear {unknown}
Potions
 c - a potion of haste
 l - 2 potions of might {unknown}
 q - 2 potions of brilliance
 s - a potion of ambrosia {unknown}
 u - a potion of cancellation {unknown}
 v - a potion of agility
 x - a potion of heal wounds {unknown}
Books
 b - a book of Flames

   Spells                             Type                      Level
   a - Flame Tongue                   Conjuration/Fire             1
   b - Throw Flame                    Conjuration/Fire             2
   c - Conjure Flame                  Conjuration/Fire             3
   d - Inner Flame                    Hexes/Fire                   3
   e - Sticky Flame                   Conjuration/Fire             4
   f - Fireball                       Conjuration/Fire             5
 t - a book of Cantrips

   Spells                             Type                      Level
   a - Confusing Touch                Hexes                        1
   b - Animate Skeleton               Necromancy                   1
   c - Summon Small Mammal            Summoning                    1
   d - Apportation                    Translocation                1
Comestibles
 g - 4 meat rations
 m - a bread ration
 w - a royal jelly


   Skills:
 + Level 1.4 Fighting
 + Level 1.5 Short Blades
 + Level 3.4 Dodging
 + Level 4.0 Stealth
 + Level 0.1 Unarmed Combat
 + Level 6.6 Spellcasting
 + Level 4.2 Conjurations
 + Level 6.0 Fire Magic


You had 8 spell levels left.
You knew the following spells:

 Your Spells              Type           Power        Failure   Level  Hunger
a - Flame Tongue          Conj/Fire      ####.        1%          1    None
b - Throw Flame           Conj/Fire      ####..       1%          2    None
c - Conjure Flame         Conj/Fire      ####....     1%          3    #......
d - Fireball              Conj/Fire      ####......   12%         5    #####..


Dungeon Overview and Level Annotations

Branches:
Dungeon (5/15)
 Temple: D:4-7

Altars:
Ashenzari
Makhleb
Nemelex Xobeh
Ru
Xom


Message History

Your surroundings seem slightly different.
Found 23 bolts.
Found 14 poisoned needles.
The centaur shoots an arrow.
The arrow hits you!
* * * LOW HITPOINT WARNING * * *
You see here an arrow.
The centaur shoots an arrow.
The arrow misses you.
You see here an arrow.
The centaur shoots an arrow.
The arrow hits you!
* * * LOW HITPOINT WARNING * * *
You see here an arrow.
You feel better.
The centaur shoots an arrow.
The arrow closely misses you.
The centaur shoots an arrow.
The arrow hits you.
* * * LOW HITPOINT WARNING * * *
You see here 2 arrows.
There is a stone staircase leading up, spattered with blood here.
The centaur shoots an arrow.
The arrow hits you.
* * * LOW HITPOINT WARNING * * *
The centaur shoots an arrow.
The arrow hits you!
You die...

# ######### ...
...(...### ....
#.......##....
##.............
#..............
#......)..# .
#.....@...#...
#....†(...#...
#.....(.......
#.........#...
#)....(...####
#.........#
#....(....#
#.c.......#
#........##


You could see a centaur.

Vanquished Creatures
  Sigmund (D:2)
  An ogre (D:4)
  A scorpion (D:5)
  A howler monkey (D:4)
  An orc priest (D:4)
  3 centaur skeletons
  2 orc wizards (D:4)
  A worker ant (D:3)
  Natasha (thrice) (D:2)
  2 iguanas (D:4)
  7 adders
  2 oozes
  An adder skeleton (D:4)
  2 worms
  2 dart slugs (D:1)
  3 leopard geckos (D:1)
  16 orcs
  4 ball pythons
  9 giant cockroaches
  7 goblins
  8 hobgoblins
  5 jackals
  6 kobolds
  A quokka (D:4)
  8 bats
  6 frilled lizards
  2 leopard gecko skeletons
  8 rats
  A fungus (D:1)
114 creatures vanquished.

Notes
Turn   | Place    | Note
-------+----------+-------------------------------------------
     0 | D:1      | Ymberti the Deep Elf Fire Elementalist began the quest for the Orb.
     0 | D:1      | Reached XP level 1. HP: 10/10 MP: 6/6
   294 | D:1      | Reached XP level 2. HP: 10/15 MP: 5/8
   859 | D:1      | Reached XP level 3. HP: 18/19 MP: 6/10
  1318 | D:1      | Learned a level 2 spell: Throw Flame
  1322 | D:1      | Learned a level 3 spell: Conjure Flame
  1442 | D:2      | Noticed Sigmund
  1800 | D:2      | Noticed Natasha
  1819 | D:2      | Killed Natasha
  1819 | D:2      | Reached XP level 4. HP: 14/24 MP: 3/11
  1819 | D:2      | Noticed Natasha
  2206 | D:2      | Killed Natasha
  2273 | D:2      | Noticed Natasha
  2278 | D:2      | Killed Natasha
  2343 | D:2      | Reached XP level 5. HP: 26/28 MP: 7/13
  2544 | D:2      | Killed Sigmund
  2544 | D:2      | Reached skill level 1 in Short Blades
  2544 | D:2      | Reached skill level 5 in Spellcasting
  2544 | D:2      | Reached skill level 5 in Fire Magic
  2544 | D:2      | Reached XP level 6. HP: 33/33 MP: 9/15
  2975 | D:3      | Learned a level 5 spell: Fireball
  3064 | D:3      | Found a shattered altar of Ashenzari.
  3582 | D:4      | Found a burning altar of Makhleb.
  3584 | D:4      | Noticed a green death
  3616 | D:4      | Noticed a hellwing
  3616 | D:4      | Noticed a hellwing
  3707 | D:4      | Reached skill level 1 in Fighting
  3958 | D:4      | Found a sparkling altar of Nemelex Xobeh.
  3978 | D:4      | Reached XP level 7. HP: 38/38 MP: 14/17
  3981 | D:4      | Found a sacrificial altar of Ru.
  4302 | D:4      | Found a shimmering altar of Xom.
  4599 | D:5      | Entered Level 5 of the Dungeon
  4809 | D:5      | Shot with an arrow by a centaur

Skill      XL: |  1  2  3  4  5  6  7 |
---------------+----------------------+-----
Fire Magic     | 4 5 6 |  6.0
Stealth        | 3 4 |  4.0
Conjurations   | 2 3 4 |  4.2
Spellcasting   | 4 5 6 |  6.6
Short Blades   | 1 |  1.5
Dodging        | 3 |  3.4
Fighting       | 1 |  1.4
Unarmed Combat | |  0.1

Action                   |  1- 3 |  4- 6 |  7- 9 || total
-------------------------+-------+-------+-------++-------
Melee: Dagger            |    92 |    55 |    16 ||   163
       Unarmed           |    16 |       |       ||    16
 Cast: Flame Tongue      |    65 |    77 |    45 ||   187
       Throw Flame       |     4 |    28 |     9 ||    41
       Fireball          |       |       |     1 ||     1
  Use: Scroll            |     2 |     5 |     1 ||     8
       Potion            |       |       |     3 ||     3
 Stab: Sleeping          |       |     2 |     2 ||     4
  Eat: Bread ration      |     1 |     2 |       ||     3
       Royal jelly       |       |     1 |       ||     1
Armor: Robe              |    20 |    17 |     5 ||    42
Dodge: Dodged            |    91 |    61 |    34 ||   186
